[Event "Titled Tuesday Blitz March 07 Early 2023"]
[White "Erzhanov, Arman"]
[Black "Preotu, Razvan"]
[WhiteFideId "4138821"]
[BlackFideId "2613280"]
[WhiteElo "2138"]
[BlackElo "2407"]
[Result "0-1"]
[Round "08"]
[TimeControl "180+2"]
[Date "2023.03.07"]
[WhiteClock "0:00:04"]
[BlackClock "0:00:16"]

1. e4 c5 2. Nf3 d6 3. Bb5+ Nd7 4. d4 cxd4 5. Qxd4 a6 6. Be2 Ngf6 7. O-O e5 8. Qe3 Nc5 9. Nfd2 Be7 10. c4 O-O 11. Nc3 Ng4 12. Bxg4 Bxg4 13. f3 Bg5 14. Qe2 Be6 15. b3 b5 16. cxb5 Qb6 17. Qf2 axb5 18. b4 Nd7 19. Qxb6 Nxb6 20. Nb3 Be7 21. Na5 d5 22. a3 d4 23. Nxb5 Rfc8 24. Bb2 Nc4 25. Nxc4 Bxc4 26. a4 Bxf1 27. Kxf1 Rc2 28. Bc1 Bxb4 29. f4 Rac8 30. fxe5 Rxc1+ 31. Rxc1 Rxc1+ 32. Ke2 Ra1 33. Kd3 Rxa4 34. Kxd4 h5 35. Kd5 Ra5 36. Kc6 Ra2 37. g3 Rxh2 38. Nd4 Rg2 39. Nf5 g6 40. Nd6 Rxg3 41. Kd7 Bxd6 42. exd6 h4 43. Ke7 h3 44. d7 Rd3 45. d8=Q+ Rxd8 46. Kxd8 h2 47. e5 h1=Q 48. Ke7 Qc6 49. Kd8 g5 50. e6 Qxe6 51. Kc7 g4 0-1


[Site "https://www.chess.com"]

[Event "Titled Tuesday Blitz March 07 Early 2023"]
[White "Skliarov, Viktor"]
[Black "Karas, Marek"]
[WhiteFideId "14106736"]
[BlackFideId "14928558"]
[WhiteElo "2289"]
[BlackElo "2233"]
[Result "1-0"]
[Round "08"]
[TimeControl "180+2"]
[Date "2023.03.07"]
[WhiteClock "0:00:23"]
[BlackClock "0:00:02"]

1. e4 e6 2. d4 d5 3. e5 c5 4. c3 Nc6 5. Nf3 Qb6 6. a3 c4 7. Nbd2 Na5 8. g3 Bd7 9. h4 Ne7 10. Bh3 h6 11. h5 O-O-O 12. O-O Qc7 13. Nh4 Kb8 14. f4 g6 15. Kh2 Rg8 16. Bg4 Nf5 17. Ndf3 Be7 18. hxg6 fxg6 19. Nxf5 exf5 20. Bh3 Be6 21. Be3 g5 22. Bg2 Nb3 23. Rb1 Rdf8 24. Nd2 Nxd2 25. Qxd2 g4 26. b3 cxb3 27. Rxb3 Ka8 28. Rfb1 b6 29. a4 Rb8 30. Qa2 Qd7 31. Rb5 Rgd8 32. c4 Rbc8 33. cxd5 Bg8 34. a5 bxa5 35. Qxa5 Rc2 36. d6+ Qc6 37. Qxa7+ Kxa7 38. Ra1+ Qa6 39. Rb7+ Ka8 40. Rxa6# 1-0


[Site "https://www.chess.com"]

[Event "Titled Tuesday Blitz March 07 Early 2023"]
[White "Ozer, Omer Faruk"]
[Black "TimGrutter03"]
[WhiteFideId "6354564"]
[WhiteElo "2260"]
[BlackElo "2497"]
[Result "1-0"]
[Round "08"]
[TimeControl "180+2"]
[Date "2023.03.07"]
[WhiteClock "0:00:19"]
[BlackClock "0:00:04"]

1. d4 Nf6 2. Nf3 g6 3. c4 Bg7 4. Nc3 O-O 5. Bg5 h6 6. Bh4 d6 7. e3 Bf5 8. Be2 Ne4 9. Nxe4 Bxe4 10. O-O g5 11. Bg3 c5 12. Bd3 Bxd3 13. Qxd3 Qb6 14. Rab1 Nc6 15. d5 Nb4 16. Qf5 Qc7 17. a3 Na6 18. h4 gxh4 19. Nxh4 Rae8 20. Rfd1 Qc8 21. Qf3 f5 22. Ng6 Rf6 23. Nf4 Nc7 24. b4 cxb4 25. axb4 e5 26. dxe6 Nxe6 27. Nd5 Rf7 28. Rbc1 Ng5 29. Qh5 Ne4 30. Bf4 Qe6 31. Rd3 Rd8 32. Rcd1 Rfd7 33. f3 Nf6 34. Qg6 Qf7 35. Qxf5 Nxd5 36. Qxf7+ Kxf7 37. Rxd5 Bf8 38. c5 Ke6 39. cxd6 Bg7 40. Kf2 Rc8 41. b5 b6 42. e4 Rc2+ 43. R1d2 Rc4 44. g4 Rb4 45. Kg3 Bc3 46. R2d3 Be1+ 47. Kh3 Rb2 48. Rh5 Kf7 49. Rxh6 Ke8 50. Rh8+ Kf7 51. Rh7+ Ke6 52. Rxd7 Kxd7 53. e5 Bb4 54. e6+ Kxe6 55. d7 Be7 56. d8=Q Bxd8 57. Rxd8 Rxb5 58. Rd6+ Ke7 59. Rh6 a5 60. g5 Rb4 61. Kg4 Kf7 62. Rf6+ Kg7 63. Rc6 a4 64. Kf5 a3 65. Be5+ Kf8 66. Bd6+ Ke8 67. Bxb4 Kd7 68. Rxb6 a2 69. Ra6 1-0


[Site "https://www.chess.com"]

[Event "Titled Tuesday Blitz March 07 Early 2023"]
[White "Buksa, Nataliya"]
[Black "Rastbod, Ali"]
[WhiteFideId "14123622"]
[BlackFideId "12567477"]
[WhiteElo "2316"]
[BlackElo "2211"]
[Result "1/2-1/2"]
[Round "08"]
[TimeControl "180+2"]
[Date "2023.03.07"]
[WhiteClock "0:00:06"]
[BlackClock "0:00:05"]

1. d4 d5 2. Nc3 Nf6 3. Bf4 c5 4. e3 cxd4 5. exd4 a6 6. Nf3 Bg4 7. h3 Bxf3 8. Qxf3 e6 9. O-O-O Nc6 10. g4 Bd6 11. g5 Bxf4+ 12. Qxf4 Nd7 13. Bd3 Qb8 14. Qg4 Qd6 15. Rde1 O-O-O 16. a3 Kb8 17. Qf3 Nxd4 18. Qxf7 Ne5 19. Qxg7 Nxd3+ 20. cxd3 Qf4+ 21. Kb1 Qxf2 22. Qe5+ Ka8 23. Ne2 Nf3 24. Qg3 Qxg3 25. Nxg3 Nxe1 26. Rxe1 Rde8 27. Nh5 Re7 28. Nf6 Rd8 29. d4 Rd6 30. h4 Rg7 31. Re5 Rf7 32. Kc2 h6 33. Kd3 hxg5 34. hxg5 Kb8 35. Re1 Rb6 36. b4 Rg7 37. Re5 Rc6 38. Nh5 Rg8 39. Nf4 Rc1 40. Nxe6 Ra1 41. Nf4 Rxa3+ 42. Ke2 Rg3 43. g6 Kc7 44. Nxd5+ Kd6 45. Nf6 Rg2+ 46. Kf3 R8xg6 47. Ne4+ Kc7 48. d5 Rg1 49. Re7+ Kb6 50. Nc5 Rf6+ 51. Ke2 Rg2+ 52. Kd3 Rg3+ 53. Ke4 Kb5 54. Rxb7+ Kc4 55. Nd7 Rf1 56. Ne5+ Kb3 57. d6 Rd1 58. d7 Rgg1 59. Rb8 Rge1+ 60. Kf5 Rxe5+ 61. Kxe5 Rxd7 62. Rb6 Ra7 63. Kd5 Ka4 64. Kc6 Ra8 65. Rb7 Rh8 66. Kc5 Rh5+ 67. Kc4 Rh4+ 68. Kc5 Rh5+ 69. Kc4 Rh4+ 70. Kc3 Rh1 71. Rb6 Rh3+ 72. Kc4 Rh4+ 73. Kc5 Rh5+ 74. Kc4 Rh4+ 75. Kc3 Rh3+ 76. Kc4 Rh4+ 1/2-1/2


[Site "https://www.chess.com"]

[Event "Titled Tuesday Blitz March 07 Early 2023"]
[White "Kozak, Antoni"]
[Black "Dudzinski, Pawel"]
[WhiteFideId "21832030"]
[BlackFideId "1117890"]
[WhiteElo "2470"]
[BlackElo "2099"]
[Result "1-0"]
[Round "08"]
[TimeControl "180+2"]
[Date "2023.03.07"]
[WhiteClock "0:00:23"]
[BlackClock "0:00:06"]

1. e4 c6 2. Nf3 d5 3. d3 dxe4 4. dxe4 Qxd1+ 5. Kxd1 g6 6. a4 Nf6 7. Nbd2 Bg7 8. Bc4 O-O 9. Ne1 Rd8 10. f3 Nbd7 11. Nd3 a5 12. Ke2 b6 13. Nf1 Ba6 14. Bxa6 Rxa6 15. Be3 e5 16. Nd2 b5 17. Nb3 b4 18. Rad1 Raa8 19. Nd2 Ne8 20. Nc4 f6 21. g4 h6 22. h4 g5 23. Bf2 Bf8 24. Rd2 Be7 25. Rhd1 Kf7 26. Ne1 Nf8 27. Rxd8 Bxd8 28. Ng2 Bc7 29. Bc5 Rd8 30. Rxd8 Bxd8 31. Bxf8 Kxf8 32. h5 Ng7 33. Nge3 Kf7 34. Nf5 Nxf5 35. gxf5 Ke8 36. Kd3 Kf7 37. c3 bxc3 38. Kxc3 Ke7 39. b4 axb4+ 40. Kxb4 Kd7 41. Ne3 Be7+ 42. Kc4 Bf8 43. Ng4 Bg7 44. a5 Kc7 45. Ne3 Bf8 46. Nf1 Kb7 47. Nh2 Ka6 48. Ng4 Kxa5 49. Nxf6 Ka4 50. Nd7 Bd6 51. f6 Ka3 52. f7 Kb2 53. Nxe5 Kc2 54. Nxc6 Kd2 55. e5 Bf8 56. e6 g4 57. fxg4 1-0


[Site "https://www.chess.com"]

[Event "Titled Tuesday Blitz March 07 Early 2023"]
[White "Gonzalez, Francisco Silva"]
[Black "Manelyuk, Daniil"]
[WhiteFideId "1512285"]
[BlackFideId "44173920"]
[WhiteElo "2074"]
[BlackElo "2259"]
[Result "1/2-1/2"]
[Round "08"]
[TimeControl "180+2"]
[Date "2023.03.07"]
[WhiteClock "0:00:32"]
[BlackClock "0:00:23"]

1. d4 Nf6 2. c4 c5 3. d5 b5 4. cxb5 a6 5. b6 e6 6. Nc3 Bb7 7. e4 exd5 8. exd5 Bd6 9. Qe2+ Kf8 10. Qd1 Qe7+ 11. Be3 g6 12. Nf3 Ng4 13. Qe2 Nxe3 14. fxe3 Kg7 15. e4 Re8 16. O-O-O Be5 17. Nxe5 Qxe5 18. Qg4 d6 19. Bd3 Bc8 20. Qh4 Nd7 21. Rhf1 Nxb6 22. Rxf7+ Kxf7 23. Qxh7+ Qg7 24. Rf1+ Bf5 25. exf5 Qxh7 26. fxg6+ Kg7 27. gxh7 c4 28. Be4 Na4 29. Rf4 Nc5 30. Rg4+ Kh8 31. Bf5 Re5 32. Rf4 Rf8 33. g4 Nd3+ 34. Bxd3 Rxf4 35. Bf5 Rf2 36. h4 Re1+ 37. Nd1 Rg1 38. a3 Rff1 39. Bc2 Rxg4 40. h5 Rd4 41. b3 c3 42. b4 Rxd5 43. a4 Rd4 44. b5 axb5 45. axb5 Rb4 46. Bd3 Rh1 47. Kc2 Rd4 48. Nf2 Rxh5 49. Kxc3 Rdd5 50. b6 Rc5+ 51. Kd4 Rh4+ 52. Ne4 Rc6 53. b7 Rb6 54. Kd5 Rh5+ 55. Ke6 d5+ 56. Nd6 Rh6+ 57. Ke7 Rxh7+ 58. Bxh7 Kxh7 59. Kd7 d4 60. Kc7 Rxb7+ 61. Kxb7 d3 62. Nc4 Kg6 63. Kc6 Kf5 64. Kc5 Kf4 65. Kd4 Kf3 66. Kc3 Ke4 67. Kd2 Kd4 68. Nb2 Kc5 69. Nxd3+ 1/2-1/2


[Site "https://www.chess.com"]

[Event "Titled Tuesday Blitz March 07 Early 2023"]
[White "Prokofiev, Valentyn"]
[Black "Omariev, Maksim"]
[WhiteFideId "14160161"]
[BlackFideId "4193423"]
[WhiteElo "2260"]
[BlackElo "2482"]
[Result "0-1"]
[Round "08"]
[TimeControl "180+2"]
[Date "2023.03.07"]
[WhiteClock "0:00:01"]
[BlackClock "0:00:02"]

1. g4 d5 2. Bg2 Bxg4 3. c4 c6 4. Qb3 Nf6 5. Qxb7 Nbd7 6. Nc3 e6 7. cxd5 cxd5 8. Nf3 Be7 9. O-O O-O 10. d4 Rb8 11. Qxa7 Bd6 12. Qa6 Qe7 13. h3 Bf5 14. Qa4 Ne4 15. Qd1 Qf6 16. a4 h5 17. Nb5 Bb4 18. Bf4 Bxh3 19. Bxb8 Bxg2 20. Kxg2 Rxb8 21. Rg1 Qf5 22. Rh1 Ndf6 23. Qd3 g5 24. Rag1 g4 25. Kf1 Kf8 26. Nh4 Qxf2# 0-1


[Site "https://www.chess.com"]

[Event "Titled Tuesday Blitz March 07 Early 2023"]
[White "Kvaloy, Aksel Bu"]
[Black "Andreev, Konstantin"]
[WhiteFideId "1528815"]
[BlackFideId "24239305"]
[WhiteElo "2208"]
[BlackElo "2106"]
[Result "0-1"]
[Round "08"]
[TimeControl "180+2"]
[Date "2023.03.07"]
[WhiteClock "0:00:10"]
[BlackClock "0:00:07"]

1. d4 Nf6 2. c4 e6 3. g3 d5 4. Nf3 Bb4+ 5. Bd2 a5 6. Bg2 O-O 7. Qc2 Be7 8. O-O c6 9. Bf4 a4 10. Nbd2 a3 11. b3 Nbd7 12. e4 dxe4 13. Nxe4 Nxe4 14. Qxe4 Nf6 15. Qe2 Qa5 16. Rfd1 Rd8 17. Rac1 Bd7 18. Ne5 Be8 19. c5 Nd5 20. Nc4 Nxf4 21. gxf4 Qa6 22. f5 Bg5 23. Rc3 exf5 24. Qe5 Bf6 25. Qxf5 Bd7 26. Qh5 Be6 27. Nd6 g6 28. Qh6 Bg7 29. Qf4 Qe2 30. Rd2 Qe1+ 31. Bf1 Rd7 32. Rcc2 Bh3 33. Rd1 Qxd1 34. Rc1 Qxd4 35. Qxd4 Bxd4 36. Bxh3 Re7 37. Rc4 Be5 38. Rc2 Rd8 39. Rd2 b6 40. b4 bxc5 41. bxc5 Bxd6 42. cxd6 Re1+ 43. Kg2 Rb1 44. d7 Rb2 45. Rd1 Rxa2 46. Re1 Kf8 47. Re3 Ra1 48. Rc3 a2 49. Ra3 c5 50. Bg4 c4 51. Bf3 Rxd7 52. Ra8+ Ke7 53. Ra4 c3 54. Be4 Rc7 55. Bc2 Rb7 56. Kf3 Rb2 57. Ra7+ Kd6 58. Bd3 c2 59. Ra6+ Kc5 60. Bxc2 Rxc2 61. Ra8 Kb6 62. Rb8+ Kc7 63. Ra8 Rb1 64. Rf8 a1=Q 65. Rxf7+ Kd6 66. Rf6+ Ke7 67. Rf4 Qa8+ 68. Kg3 Rb3+ 69. f3 Rcc3 70. Re4+ Qxe4 71. h4 Qxf3+ 72. Kh2 Qf2+ 73. Kh1 Qa2 74. h5 g5 75. h6 Rb2 76. Kg1 Rcc2 77. Kh1 Qb3 78. Kg1 Ra2 79. Kh1 Rcb2 80. Kg1 Qc2 81. Kh1 Ra1# 0-1


[Site "https://www.chess.com"]

[Event "Titled Tuesday Blitz March 07 Early 2023"]
[White "Aarav Dengla"]
[Black "Malek, Jan"]
[WhiteFideId "45059756"]
[BlackFideId "21864080"]
[WhiteElo "2285"]
[BlackElo "2255"]
[Result "1-0"]
[Round "08"]
[TimeControl "180+2"]
[Date "2023.03.07"]
[WhiteClock "0:00:07"]
[BlackClock "0:00:05"]

1. e4 c5 2. Nf3 Nc6 3. d4 cxd4 4. Nxd4 g6 5. c4 Bg7 6. Be3 Qb6 7. Nb3 Qd8 8. Nc3 Bxc3+ 9. bxc3 Nf6 10. f3 d6 11. Qd2 O-O 12. h4 Be6 13. Nd4 Rc8 14. h5 Nxd4 15. Bxd4 Bxc4 16. Bxf6 exf6 17. Bxc4 Rxc4 18. hxg6 Qa5 19. Qh6 Qxc3+ 20. Kf2 Qb2+ 21. Kg3 Qe5+ 22. f4 Qc3+ 23. Kg4 f5+ 24. exf5 Qg7 25. Qxg7+ Kxg7 26. Rxh7+ Kf6 27. Re1 Rc2 28. g3 Rc5 29. gxf7 Rxf5 30. Rh6+ Kg7 31. Kxf5 Kxh6 32. Kf6 d5 33. Rh1# 1-0


[Site "https://www.chess.com"]

[Event "Titled Tuesday Blitz March 07 Early 2023"]
[White "Kim, Sergey"]
[Black "Golubev, Mikhail"]
[WhiteFideId "13700570"]
[BlackFideId "14100983"]
[WhiteElo "2626"]
[BlackElo "2374"]
[Result "1-0"]
[Round "08"]
[TimeControl "180+2"]
[Date "2023.03.07"]
[WhiteClock "0:00:16"]
[BlackClock "0:00:01"]

1. d4 Nf6 2. c4 g6 3. Nc3 Bg7 4. e4 d6 5. Nge2 Nbd7 6. Ng3 e5 7. d5 h5 8. Be2 h4 9. Nf1 Kf8 10. Bg5 h3 11. g4 a5 12. Ng3 Nc5 13. f3 Qd7 14. Qd2 Nh7 15. Be3 Qe7 16. O-O Bf6 17. Nb5 Kg7 18. Bh6+ Kg8 19. Be3 Bg5 20. Bxg5 Nxg5 21. Nxc7 Kg7 22. Nxa8 Qd8 23. Nb6 Qxb6 24. Kh1 f6 25. b3 Rh4 26. Rab1 Bxg4 27. fxg4 Ncxe4 28. Nxe4 Nxe4 29. Qe1 Qe3 30. Rf3 Qg5 31. Bd3 Qxg4 32. Rg3 Nxg3+ 33. Qxg3 Qh5 34. Rg1 g5 35. Qe3 Rf4 36. Be2 Qh4 37. Qg3 Qxg3 38. Rxg3 Re4 39. Bf1 Re1 40. Kg1 Kg6 41. Rxh3 f5 42. Kf2 Ra1 43. a4 e4 44. Be2 f4 45. Rh8 Ra2 46. Ke1 1-0


[Site "https://www.chess.com"]

[Event "Titled Tuesday Blitz March 07 Early 2023"]
[White "Domingo Nunez, Ruben"]
[Black "Petrova, Irina"]
[WhiteFideId "22245570"]
[BlackFideId "14124122"]
[WhiteElo "2404"]
[BlackElo "2084"]
[Result "1-0"]
[Round "08"]
[TimeControl "180+2"]
[Date "2023.03.07"]
[WhiteClock "0:00:24"]
[BlackClock "0:00:32"]

1. b3 d6 2. Bb2 e5 3. c4 Nf6 4. e3 g6 5. Be2 Bg7 6. Nf3 O-O 7. O-O Nc6 8. d4 exd4 9. exd4 Bf5 10. d5 Nb4 11. Nd4 Nd7 12. Na3 Nc5 13. Bc3 a5 14. Nab5 Bd7 15. a3 Nba6 16. Bxa5 Re8 17. Re1 b6 18. Bc3 Ne4 19. Bb2 Bxb5 20. cxb5 Nac5 21. Nc6 Qh4 22. g3 Qg5 23. Bxg7 Kxg7 24. b4 Qf6 25. bxc5 Qxf2+ 26. Kh1 bxc5 27. Qb3 Nxg3+ 28. Qxg3 Rxe2 29. Qxf2 Rxf2 30. a4 Rd2 31. a5 Rxd5 32. b6 cxb6 33. axb6 Rxa1 34. Rxa1 c4 35. b7 Rb5 36. b8=Q 1-0


[Site "https://www.chess.com"]

[Event "Titled Tuesday Blitz March 07 Early 2023"]
[White "Odegov, Artem"]
[Black "Ansh M Shah"]
[WhiteFideId "34183644"]
[BlackFideId "25033379"]
[WhiteElo "2300"]
[BlackElo "2084"]
[Result "0-1"]
[Round "08"]
[TimeControl "180+2"]
[Date "2023.03.07"]
[WhiteClock "0:00:02"]
[BlackClock "0:00:03"]

1. d4 Nf6 2. c4 e6 3. Nf3 d5 4. Nc3 c6 5. Bg5 Be7 6. e3 O-O 7. Qc2 Nbd7 8. Rd1 h6 9. h4 Re8 10. a3 Nf8 11. Bf4 a6 12. c5 b6 13. cxb6 Qxb6 14. Na4 Qa5+ 15. b4 Qd8 16. Qxc6 Bd7 17. Qc2 a5 18. b5 Bxa3 19. Bd3 Bb4+ 20. Ke2 Rb8 21. Bxb8 Qxb8 22. Ne5 Bxb5 23. Rc1 N8d7 24. Nxd7 Nxd7 25. Nc5 Nxc5 26. dxc5 Rc8 27. Bxb5 Qxb5+ 28. Qd3 Rxc5 29. Qxb5 Rxb5 30. Rc8+ Kh7 31. Rhc1 a4 32. Ra8 a3 33. h5 Bd6 34. Rc6 Bc5 35. Rc7 d4 36. exd4 Bxd4 37. Rxf7 Bb2 38. g4 Rg5 39. Rff8 g6 40. Rf7+ Bg7 41. Raa7 gxh5 42. gxh5 Kg8 43. Rfe7 Re5+ 44. Kf3 Bf8 45. Re8 Rxh5 46. Raa8 Rf5+ 47. Ke3 Kg7 48. f4 Rf6 49. Ke4 Bd6 50. Ra7+ Kg6 51. Rg8+ Kh5 52. Ra5+ Kh4 53. f5 exf5+ 54. Rxf5 Rxf5 55. Kxf5 Bb4 56. Rb8 Bc3 57. Rb3 Bb2 0-1


[Site "https://www.chess.com"]

[Event "Titled Tuesday Blitz March 07 Early 2023"]
[White "Saito, Vinicius"]
[Black "Melikyan, Gnel"]
[WhiteFideId "2113384"]
[BlackFideId "54109990"]
[WhiteElo "2152"]
[BlackElo "2138"]
[Result "1-0"]
[Round "08"]
[TimeControl "180+2"]
[Date "2023.03.07"]
[WhiteClock "0:01:49"]
[BlackClock "0:00:52"]

1. e4 f6 2. d4 g6 3. h4 h5 4. f3 d6 5. Be3 e5 6. d5 f5 7. c4 fxe4 8. fxe4 Nf6 9. Bg5 Bh6 10. Bxh6 Rxh6 11. Nc3 Na6 12. Qd2 Rh7 13. O-O-O Nc5 14. Re1 Bg4 15. Nf3 Qe7 16. Ng5 O-O-O 17. Nxh7 Nxh7 18. Be2 Bd7 19. g3 Qg7 20. Ref1 Nf6 21. Qe3 a5 22. Rf2 Rf8 23. Rhf1 Bh3 24. Rh1 Bd7 25. b3 b6 26. Kb2 Kb7 27. a3 Ra8 28. Rhf1 Rf8 29. b4 axb4 30. axb4 Na6 31. c5 bxc5 32. Bxa6+ Kxa6 33. bxc5 Bh3 34. Ra1+ Kb7 35. c6+ Kb8 36. Qa7+ 1-0


[Site "https://www.chess.com"]

[Event "Titled Tuesday Blitz March 07 Early 2023"]
[White "Perez Gormaz, Matias"]
[Black "Fathy, Elameir"]
[WhiteFideId "3406342"]
[BlackFideId "10600396"]
[WhiteElo "2362"]
[BlackElo "2311"]
[Result "0-1"]
[Round "08"]
[TimeControl "180+2"]
[Date "2023.03.07"]
[WhiteClock "0:00:06"]
[BlackClock "0:00:29"]

1. Nf3 d5 2. b3 Bf5 3. Bb2 e6 4. g3 c6 5. Bg2 h6 6. O-O Nf6 7. d3 Be7 8. Nbd2 O-O 9. c4 a5 10. a3 Nbd7 11. Qc2 Bh7 12. Rac1 Re8 13. Ra1 Bd6 14. Rfd1 Qe7 15. Re1 e5 16. e4 dxe4 17. dxe4 Rad8 18. Nh4 Nc5 19. b4 Ne6 20. c5 Bc7 21. Ndf3 Nd4 22. Nxd4 exd4 23. f3 g5 24. Nf5 Bxf5 25. exf5 Qxe1+ 26. Rxe1 Rxe1+ 27. Kf2 d3 28. Qc3 Re2+ 29. Kf1 Be5 30. Qxd3 Rxd3 31. Kxe2 Rd5 32. f4 Bxb2 33. Bxd5 Nxd5 0-1


[Site "https://www.chess.com"]

[Event "Titled Tuesday Blitz March 07 Early 2023"]
[White "Garrido, Denis"]
[Black "Jimenez Almeida, Luis David"]
[WhiteFideId "601217"]
[BlackFideId "22242244"]
[WhiteElo "2264"]
[BlackElo "2245"]
[Result "0-1"]
[Round "08"]
[TimeControl "180+2"]
[Date "2023.03.07"]
[WhiteClock "0:00:03"]
[BlackClock "0:00:03"]

1. e4 c6 2. d4 Na6 3. c4 e5 4. Nf3 exd4 5. Nxd4 Bb4+ 6. Bd2 Qe7 7. Nc3 Bxc3 8. Bxc3 Qxe4+ 9. Be2 Qxg2 10. Bf3 Qg5 11. h4 Qe7+ 12. Kf1 d6 13. Qc2 Nf6 14. Nxc6 Qc7 15. Re1+ Be6 16. Qa4 Nc5 17. Qb5 a6 18. Qa5 Qxa5 19. Nxa5 O-O 20. Rg1 Kh8 21. Rg3 Rab8 22. Rd1 b6 23. h5 h6 24. Nc6 Bxc4+ 25. Kg1 Rbc8 26. Rxd6 Be6 27. Ne5 Na4 28. Bd4 Rc1+ 29. Kg2 Nc5 30. Ng4 Nfe4 31. Bxe4 Nxe4 32. Nxh6 Nxg3 33. fxg3 Kh7 34. Be3 Rc2+ 35. Kf3 gxh6 36. Rxb6 Rd8 37. Ke4 Re2 38. Kf3 Re1 39. Rxa6 Rd3 0-1


[Site "https://www.chess.com"]

[Event "Titled Tuesday Blitz March 07 Early 2023"]
[White "Afanasieva, Alexandra"]
[Black "Yelisieiev, Yevhenii"]
[WhiteFideId "34126926"]
[BlackFideId "14139642"]
[WhiteElo "1763"]
[BlackElo "2447"]
[Result "1-0"]
[Round "08"]
[TimeControl "180+2"]
[Date "2023.03.07"]
[WhiteClock "0:01:09"]
[BlackClock "0:00:44"]

1. e4 d6 2. d4 Nf6 3. Nc3 e5 4. Nf3 Nbd7 5. Rg1 c6 6. g4 g6 7. g5 Nh5 8. Be3 Bg7 9. Qd2 O-O 10. O-O-O b5 11. dxe5 dxe5 12. Qd6 Qa5 13. Qxc6 b4 14. Nd5 Nb6 15. Bc5 Bd7 16. Bxb6 axb6 17. Qxd7 Qxa2 18. Nxb4 Qa1+ 19. Kd2 Rfd8 20. Rxa1 Rxd7+ 21. Bd3 Rc8 22. Nd5 Nf4 23. Nxb6 1-0


[Site "https://www.chess.com"]

[Event "Titled Tuesday Blitz March 07 Early 2023"]
[White "Delorme, Alban"]
[Black "Chylewski, Patryk"]
[WhiteFideId "623636"]
[BlackFideId "1186191"]
[WhiteElo "2196"]
[BlackElo "2163"]
[Result "1-0"]
[Round "08"]
[TimeControl "180+2"]
[Date "2023.03.07"]
[WhiteClock "0:00:46"]
[BlackClock "0:00:09"]

1. e4 c5 2. Nf3 e6 3. c3 Nf6 4. Bd3 d5 5. exd5 exd5 6. Bc2 Bg4 7. h3 Bh5 8. d4 cxd4 9. cxd4 Be7 10. Nc3 O-O 11. O-O Nc6 12. Be3 Rc8 13. a3 Na5 14. g4 Bg6 15. Ne5 Bxc2 16. Qxc2 Ne4 17. Rab1 Nxc3 18. bxc3 Bxa3 19. Ra1 Be7 20. Qa4 b6 21. Rfc1 Rc7 22. c4 f6 23. Nd3 Nxc4 24. Nf4 Qd6 25. Nd3 Rfc8 26. Bf4 Qd7 27. Bxc7 Qxc7 28. Qxa7 Qd6 29. Re1 Kf8 30. Qb7 Rb8 31. Ra8 Rxa8 32. Qxa8+ Kf7 33. Nf4 Qxf4 34. Qxd5+ Kg6 35. Qh5# 1-0


[Site "https://www.chess.com"]

[Event "Titled Tuesday Blitz March 07 Early 2023"]
[White "Larina, Maria"]
[Black "Shapiro, Viktor"]
[WhiteFideId "24113182"]
[BlackFideId "4175700"]
[WhiteElo "1848"]
[BlackElo "2152"]
[Result "0-1"]
[Round "08"]
[TimeControl "180+2"]
[Date "2023.03.07"]
[WhiteClock "0:00:02"]
[BlackClock "0:00:51"]

1. e4 Nf6 2. Nc3 d5 3. e5 Nfd7 4. Nxd5 Nxe5 5. Ne3 c5 6. Nf3 Nbc6 7. Nxe5 Nxe5 8. b3 g6 9. Bb2 Bg7 10. Bb5+ Bd7 11. Bxd7+ Qxd7 12. Rb1 O-O 13. O-O Rad8 14. d3 e6 15. f4 Nc6 16. Bxg7 Kxg7 17. Kh1 b5 18. Qg4 f5 19. Qg3 Nd4 20. Rbe1 a6 21. Rf2 Rfe8 22. h4 Kh8 23. Qg5 Qg7 24. Nd1 h6 25. Qg3 Qf6 26. Qh3 Kg7 27. Rd2 g5 28. fxg5 hxg5 29. h5 g4 30. Qh2 Rh8 31. Kg1 Rd7 32. c3 Nc6 33. Qf4 Rxh5 34. g3 Qh6 35. Qxh6+ Rxh6 36. Nf2 Kf7 37. Rde2 Rd6 38. Re3 Rh8 39. R1e2 Rhd8 40. Kg2 b4 41. cxb4 Nxb4 42. Re5 Rc6 43. Rd2 Rd5 44. Rxd5 Nxd5 45. Nd1 Ke7 46. Kf2 Kd6 47. Ne3 Nxe3 48. Kxe3 Kd5 49. d4 c4 50. bxc4+ Rxc4 51. Kf2 Rc3 52. Rb2 a5 53. Rb5+ Kxd4 54. Rxa5 e5 55. Ra4+ Rc4 56. Ra5 Rc2+ 57. Kf1 Ke4 58. Ra4+ Kd3 59. Ra3+ Rc3 60. Ra5 Ke4 61. Ra4+ Kf3 62. Ke1 Kxg3 63. Ra5 Re3+ 64. Kd2 Kf3 65. Rc5 g3 66. a4 g2 67. Rc1 Re2+ 68. Kd3 e4+ 69. Kd4 Rd2+ 70. Kc3 Ra2 71. Rb1 0-1


[Site "https://www.chess.com"]

[Event "Titled Tuesday Blitz March 07 Early 2023"]
[White "Zahid, Sanatan"]
[Black "Ljukin, Sergei"]
[WhiteFideId "10201963"]
[BlackFideId "14102200"]
[WhiteElo "1865"]
[BlackElo "2312"]
[Result "0-1"]
[Round "08"]
[TimeControl "180+2"]
[Date "2023.03.07"]
[WhiteClock "0:00:32"]
[BlackClock "0:00:03"]

1. e4 e6 2. d4 d5 3. Nd2 Nf6 4. e5 Nfd7 5. Bd3 c5 6. c3 Nc6 7. Ne2 cxd4 8. cxd4 f6 9. Nf4 Nxd4 10. Qh5+ Ke7 11. Ng6+ hxg6 12. exf6+ Nxf6 13. Qxh8 Kf7 14. O-O e5 15. Nb3 Nxb3 16. axb3 e4 17. Be2 Be6 18. Be3 d4 19. Bg5 d3 20. Bd1 Qd4 21. Ra4 Qe5 22. Qh4 Bd5 23. f4 Qxb2 24. f5 gxf5 25. Rxf5 e3 26. Rg4 e2 27. Rxf6+ gxf6 28. Qh5+ Ke6 29. Rg3 e1=Q# 0-1


[Site "https://www.chess.com"]

[Event "Titled Tuesday Blitz March 07 Early 2023"]
[White "Ronka, Erik"]
[Black "Starozhilov, Leonid"]
[WhiteFideId "505080"]
[BlackFideId "14106752"]
[WhiteElo "2264"]
[BlackElo "2402"]
[Result "1-0"]
[Round "08"]
[TimeControl "180+2"]
[Date "2023.03.07"]
[WhiteClock "0:00:31"]
[BlackClock "0:00:10"]

1. e4 Nc6 2. Nc3 d6 3. d4 Nf6 4. Nf3 g6 5. Be3 Bg7 6. Qd2 Bg4 7. O-O-O O-O 8. Qe2 Nd7 9. h3 Bxf3 10. gxf3 e5 11. dxe5 dxe5 12. f4 Nd4 13. Qg4 c5 14. h4 exf4 15. Bxf4 Ne5 16. Qg3 Re8 17. h5 b5 18. Bxb5 Re6 19. hxg6 Rxg6 20. Qh2 h6 21. Bxe5 Qa5 22. Bxg7 Kxg7 23. Rdg1 Rh8 24. Rxg6+ Kxg6 25. Rg1+ Kh7 26. Qg2 1-0


[Site "https://www.chess.com"]

[Event "Titled Tuesday Blitz March 07 Early 2023"]
[White "Oro, Faustino"]
[Black "Grunberg, Mihai-Lucian"]
[WhiteFideId "20000197"]
[BlackFideId "1204149"]
[WhiteElo "1984"]
[BlackElo "2363"]
[Result "0-1"]
[Round "08"]
[TimeControl "180+2"]
[Date "2023.03.07"]
[WhiteClock "0:00:04"]
[BlackClock "0:00:57"]

1. Nf3 Nf6 2. g3 g6 3. Bg2 Bg7 4. O-O O-O 5. d4 c5 6. dxc5 Na6 7. c3 Nxc5 8. Nbd2 d6 9. Nb3 Qc7 10. h3 Bd7 11. Be3 Rfd8 12. Nfd2 Rac8 13. Bd4 Bc6 14. Nf3 Ne6 15. Be3 a6 16. a4 b5 17. a5 Qb7 18. Nbd2 Nd5 19. Bd4 Nxd4 20. cxd4 e5 21. dxe5 dxe5 22. Qb3 Ne7 23. Rfd1 h6 24. Ne1 Bxg2 25. Nxg2 Nf5 26. e3 e4 27. Nf4 g5 28. Nh5 Rd3 29. Qa2 Rcd8 30. g4 Nh4 31. Nxg7 Kxg7 0-1


[Site "https://www.chess.com"]

[Event "Titled Tuesday Blitz March 07 Early 2023"]
[White "Hernandez Sanchez, Elvis De La Caridad"]
[Black "Lewtak, Damian"]
[WhiteFideId "6400353"]
[BlackFideId "1141724"]
[WhiteElo "2468"]
[BlackElo "2302"]
[Result "0-1"]
[Round "08"]
[TimeControl "180+2"]
[Date "2023.03.07"]
[WhiteClock "0:00:07"]
[BlackClock "0:00:16"]

1. e4 c5 2. Nf3 d6 3. c3 Nf6 4. Be2 e6 5. O-O Be7 6. Re1 O-O 7. Bf1 Nc6 8. d4 cxd4 9. cxd4 e5 10. d5 Nb8 11. h3 Nbd7 12. Nc3 a5 13. Be3 b6 14. Nd2 Nc5 15. Bb5 Nfd7 16. Bc6 Rb8 17. Nc4 Ba6 18. Bxd7 Bxc4 19. Bc6 Nd3 20. Re2 Nf4 21. Rd2 Bg5 22. b3 Ba6 23. a4 Bc8 24. Nb5 Bh6 25. Rc1 Qf6 26. Rc3 Qg6 27. Bxf4 Bxf4 28. Rdd3 f5 29. Rg3 Bxg3 30. Rxg3 Qh6 31. exf5 Bxf5 32. Nc7 Kh8 33. Kh2 Rbc8 34. Nb5 Be4 35. Qe1 Rxc6 36. dxc6 Bxc6 37. Qe3 Qxe3 38. Rxe3 Bxb5 39. axb5 Rd8 40. Kg3 Kg8 41. f4 Kf7 42. fxe5 dxe5 43. Rxe5 Rd3+ 44. Kf4 Rxb3 45. Rd5 Ke6 46. Rg5 Rb4+ 47. Ke3 g6 48. Kd3 a4 49. Kc3 Re4 50. Rg3 Kd5 51. Rg5+ Re5 52. Rg4 Re3+ 53. Kb4 Re4+ 54. Rxe4 Kxe4 55. Kxa4 Kd4 56. Kb4 Kd5 57. g4 g5 58. Kb3 Kc5 59. Kc3 Kxb5 60. Kd4 Kc6 61. Ke5 b5 62. Kf5 b4 63. Kxg5 b3 64. Kh6 b2 65. g5 b1=Q 66. h4 Qg6# 0-1


[Site "https://www.chess.com"]